 Dungeon Crawl Stone Soup version 0.26.1-2-gb8aa6d0cf2 (webtiles) character file.

Game seed: 3314373001996537062

1319 JazCRAWL the Spear-Bearer (level 8, -16/69 HPs)
             Began as a Merfolk Fighter on Mar 11, 2021.
             Was an Initiate of Gozag.
             Killed from afar by Harold (23 damage)
             ... with a bolt of acid
             ... on level 7 of the Dungeon on Mar 18, 2021.
             The game lasted 00:06:57 (6439 turns).

JazCRAWL the Spear-Bearer (Merfolk Fighter)         Turns: 6439, Time: 00:06:58

Health: -16/69     AC:  6    Str: 18    XL:     8   Next: 59%
Magic:  8/8        EV:  9    Int:  7    God:    Gozag
Gold:   768        SH:  0    Dex: 20    Spells: 7/7 levels left

rFire    + . .     SeeInvis .   g - +0 scythe
rCold    . . .     Faith    .   (shield currently unavailable)
rNeg     . . .     Spirit   .   r - +2 scale mail {Will+}
rPois    .         Reflect  .   j - +0 helmet
rElec    .         Harm     .   (no cloak)
rCorr    .         Rampage  .   u - +0 pair of gloves
Will     +....                  (no boots)
Stlth    ..........             (no amulet)
HPRegen  0.21/turn              b - ring of protection from fire
MPRegen  0.11/turn              n - +6 ring of dexterity

@: mighty, corroded, gold aura
A: change form in water, swift swim, stealthy swim
a: Renounce Religion, Potion Petition, Call Merchant, Bribe Branch


You were on level 7 of the Dungeon.
You worshipped Gozag.
Gozag was pleased with you.
You visited 1 branch of the dungeon, and saw 7 of its levels.

You collected 768 gold pieces.

Inventory:

Hand Weapons
 a - a +0 trident
 g - a +0 scythe (weapon)
Armour
 c - a +0 kite shield
 j - a +0 helmet (worn)
 r - a +2 scale mail of willpower (worn)
 u - a +0 pair of gloves (worn)
Jewellery
 b - a ring of protection from fire (left hand)
 n - a +6 ring of dexterity (right hand)
 v - an uncursed amulet of faith {unknown}
Wands
 w - a wand of iceblast (18)
 y - a wand of enslavement (5)
Scrolls
 e - 5 scrolls of identify {unknown}
 i - 2 scrolls of teleportation {unknown}
 k - a scroll of amnesia {unknown}
 o - a scroll of magic mapping {unknown}
 q - 4 scrolls of remove curse {unknown}
 z - 3 scrolls of enchant armour {unknown}
 A - 4 scrolls of blinking {unknown}
 B - a scroll of fear {unknown}
 E - a scroll of immolation {unknown}
Potions
 d - a potion of flight {unknown}
 f - 5 potions of degeneration {unknown}
 h - 2 potions of attraction {unknown}
 l - 3 potions of lignification {unknown}
 m - 4 potions of curing {unknown}
 p - 2 potions of mutation {unknown}
 t - 3 potions of brilliance {unknown}
 x - a potion of heal wounds
 C - a potion of berserk rage {unknown}
 D - 2 potions of ambrosia {unknown}


   Skills:
 + Level 8.6 Fighting
 + Level 10.5 Polearms
 - Level 2.1 Armour
 - Level 3.0 Shields


You had 7 spell levels left.
You didn't know any spells.
Your spell library contained the following spells:

 Spells                   Type           Power        Failure   Level
 Corona                   Hex            0%           83%         1
 Ensorcelled Hibernation  Hex/Ice        0%           92%         2
 Confusing Touch          Hex            0%           99%         3
 Dazzling Flash           Conj/Hex       0%           99%         3
 Gell's Gravitas          Tloc           0%           99%         3
 Tukima's Dance           Hex            0%           99%         3
 Petrify                  Tmut/Erth      0%           100%        4
 Metabolic Englaciation   Hex/Ice        0%           100%        5
 Yara's Violent Unravell  Hex/Tmut       0%           100%        5


Dungeon Overview and Level Annotations

Branches:
Dungeon (7/15)
 Temple: D:4-7

Altars:
Dithmenos
Elyvilon
Gozag
Nemelex Xobeh
Trog
Xom
Yredelemnul
Zin

Annotations:
D:7 Harold


Message History

You kill the orc!
The orc closely misses you.
Harold hits you from afar with a +0 glaive.
The orc closely misses you.
Unknown command.
Harold zaps a wand.
The bolt of acid hits you. The acid corrodes you!
You are splashed with acid!
Things that are here:
8 gold pieces; a +0 mace Unknown command.
You barely miss Harold.
Harold zaps a wand.
The bolt of acid hits you!
* * * LOW HITPOINT WARNING * * *
You are splashed with acid!
* * * LOW HITPOINT WARNING * * *
The orc becomes distracted by the nearby gold, dreaming of imaginary riches.
You closely miss Harold.
The orc shouts!
Harold zaps a wand.
The bolt of acid hits you!!
You die...
Your body crumbles into a pile of gold.

##..
##.....
#......
#......
#......
##.....####
#.........#
#......o..#
#..[..@@..#
##........#
##.......#
#####
#.#..####
..... ..
... #####
.. .#.#
..... .
#... ..§..
#... ..≈≈§§
#.§§§§


You could see Harold and an orc.

Vanquished Creatures
  Sigmund (D:2)
  Edmund (D:6)
  Duvessa (D:4)
  An ice beast (D:6)
  An ogre (D:6)
  Dowan (D:4)
  2 scorpions (D:5)
  A wyvern skeleton (D:6)
  A bullfrog zombie (D:5)
  An orc priest (D:6)
  A hound (D:6)
  An orc wizard (D:3)
  2 bullfrog skeletons
  Terence (D:2)
  3 iguanas
  3 worker ants
  A hound zombie (D:5)
  9 adders
  An adder skeleton (D:4)
  2 worms
  2 dart slugs (D:2)
  4 leopard geckos
  9 orcs
  3 ball pythons
  10 bats
  4 giant cockroaches
  2 gnoll zombies (D:4)
  6 goblins
  11 hobgoblins
  12 jackals
  6 kobolds
  3 quokkas
  A frilled lizard (D:4)
  A jackal skeleton (D:4)
  A leopard gecko zombie (D:5)
  A quokka skeleton (D:4)
  8 rats
119 creatures vanquished.

Vanquished Creatures (others)
  16 plants (D:1)
16 creatures vanquished.

Grand Total: 135 creatures vanquished

Notes
Turn   | Place    | Note
-------+----------+-------------------------------------------
     0 | D:1      | JazCRAWL the Merfolk Fighter began the quest for the Orb.
     0 | D:1      | Reached XP level 1. HP: 18/18 MP: 1/1
   109 | D:1      | Reached XP level 2. HP: 19/24 MP: 2/2
   486 | D:1      | Reached skill level 4 in Polearms
   512 | D:1      | Reached XP level 3. HP: 30/30 MP: 3/3
   609 | D:1      | Found a sparkling altar of Nemelex Xobeh.
   962 | D:2      | Found a shadowy altar of Dithmenos.
   972 | D:2      | Noticed Sigmund
  1059 | D:2      | Killed Sigmund
  1060 | D:2      | Reached skill level 5 in Fighting
  1060 | D:2      | Reached skill level 6 in Polearms
  1060 | D:2      | Reached XP level 4. HP: 22/39 MP: 4/4
  1060 | D:2      | Reached XP level 5. HP: 25/44 MP: 5/5
  1288 | D:2      | Found a bloodstained altar of Trog.
  1292 | D:2      | Reached XP level 6. HP: 51/51 MP: 6/6
  1455 | D:2      | Found a faded altar of an unknown god.
  1664 | D:2      | Became a worshipper of Gozag Ym Sagoz the Greedy
  1895 | D:2      | Noticed Terence
  1936 | D:2      | Killed Terence
  2543 | D:3      | Reached skill level 7 in Polearms
  2702 | D:3      | Found a shimmering altar of Xom.
  3297 | D:4      | Noticed Duvessa
  3297 | D:4      | Noticed Dowan
  3392 | D:4      | Killed Duvessa
  3393 | D:4      | Reached XP level 7. HP: 36/59 MP: 7/7
  3519 | D:4      | Killed Dowan
  3520 | D:4      | Reached skill level 8 in Polearms
  4580 | D:4      | Found a basalt altar of Yredelemnul.
  4627 | D:5      | Entered Level 5 of the Dungeon
  4718 | D:5      | Found a glowing silver altar of Zin.
  5009 | D:5      | Reached skill level 9 in Polearms
  5462 | D:6      | Reached XP level 8. HP: 67/67 MP: 8/8
  5642 | D:6      | Noticed Edmund
  5655 | D:6      | Killed Edmund
  5656 | D:6      | Reached skill level 10 in Polearms
  6391 | D:7      | Found a white marble altar of Elyvilon.
  6429 | D:7      | Noticed Harold
  6439 | D:7      | Killed from afar by Harold

Illustrated notes

Levels and vault maps discovered:
D:1:      dpeg_arrival_simpleton_b, layout_basic, serial_bayou_lagoon_a,
          nemelex_altar_shiori
D:2:      layout_rooms, nicolae_dithmenos_shadow_blocks,
          chequers_ecumenical_altar_simple, trog_three_pillars_becter,
          uniq_sigmund, uniq_terence
D:3:      layout_rooms, serial_curves, eino_curves_04, eino_curves_03,
          amcnicky_altar_gilded
D:4:      layout_loops_ring, lemuel_zombie_altar_yredelemnul,
          serial_park_tiny_1, hangedman_abyss_or_decor_stabs, uniq_duvessa
D:5:      layout_basic, zin_statuary
D:6:      layout_rooms, uniq_edmund
D:7:      layout_rooms, general_overflow_altar, minmay_temple_entry_trees,
          gammafunk_ghost_hive, uniq_harold, uniq_pikel

Skill      XL: |  1  2  3  4  5  6  7  8 |
---------------+-------------------------+-----
Polearms       | 4 6 7 9 10 | 10.5
Fighting       | 4 5 6 7 8 |  8.6
Armour         | |  2.1
Shields        | |  3.0

Action                   |  1- 3 |  4- 6 |  7- 9 || total
-------------------------+-------+-------+-------++-------
Melee: Trident           |   124 |     1 |       ||   125
       Tailslap          |     1 |       |       ||     1
       Scythe            |       |   118 |   168 ||   286
       Unarmed           |       |    28 |       ||    28
  Use: Potion            |     1 |       |     1 ||     2
       Scroll            |     1 |       |       ||     1
Armor: Scale mail        |    39 |    79 |   108 ||   226
Dodge: Dodged            |    29 |   101 |    96 ||   226
Block: Kite shield       |    62 |     1 |       ||    63
